 Dungeon Crawl Stone Soup version 0.28-a0-1387-g3a22ab9bdc (webtiles) character file.

Game seed: 17760665974270614964

242 Woods the Magician (level 6, -3/41 HPs)
             Began as a Djinni Ice Elementalist on Jan 2, 2022.
             Killed by nerve-wracking pain
             ... invoked by Grinder
              (13 damage)
             ... on level 3 of the Dungeon.
             The game lasted 00:06:41 (3973 turns).

Woods the Magician (Djinni Ice Elementalist)        Turns: 3973, Time: 00:06:42

Health: -3/41      AC:  9    Str:  7    XL:     6   Next: 30%
Gold:   90         EV: 16    Int: 19    God:
                   SH:  0    Dex: 13

rFire   + + .      SeeInvis .   (no weapon)
rCold   x . .      Faith    .   (no shield)
rNeg    . . .      Spirit   .   a - +0 robe
rPois   ∞          Reflect  .   (no helmet)
rElec   .          Harm     .   (no cloak)
rCorr   .          Rampage  .   (no gloves)
Will    .....                   (boots unavailable)
Stlth   ++........              (no amulet)
HPRegen 0.13/turn               f - +4 ring of evasion
MPRegen 0.00/turn               (no ring)

@: ice-armoured, freezing walls, flying
A: sickness immunity, fire resistance 2, cold vulnerability 1, float, innate
caster, hp casting, extra vitality 1
a: no special abilities


You were on level 3 of the Dungeon.
You visited 1 branch of the dungeon, and saw 3 of its levels.

You collected 90 gold pieces.

Inventory:

Armour
 a - a +0 robe (worn)
Jewellery
 e - an amulet of faith
 f - a +4 ring of evasion (left hand)
 l - a ring of fire
Scrolls
 b - 2 scrolls of magic mapping {unknown}
 d - a scroll of fear {unknown}
 h - a scroll of holy word {unknown}
 i - a scroll of teleportation {unknown}
 j - a scroll of brand weapon {unknown}
 k - a scroll of vulnerability {unknown}
 n - a scroll of amnesia {unknown}
 o - a scroll of identify {unknown}
Potions
 c - a potion of degeneration {unknown}
 g - a potion of mutation {unknown}
 m - a potion of lignification {unknown}


   Skills:
 + Level 0.5 Fighting
 - Level 2.4 Dodging
 - Level 1.8 Stealth
 + Level 5.4 Spellcasting


You had one spell level left.
You knew the following spells:

 Your Spells              Type           Power      Damage    Failure   Level
a - Freeze                Ice            100%       1d11      1%          1
b - Frozen Ramparts       Ice            50%        1d7       3%          3
c - Ozocubu's Armour      Ice            25%        N/A       3%          3
d - Hailstorm             Conj/Ice       25%        3d7       13%         4
e - Slow                  Hex            100%       N/A       1%          1
f - Passwall              Tmut/Erth      20%        N/A       1%          2
Your spell library was empty.

Dungeon Overview and Level Annotations

Branches:
Dungeon (3/15)

Altars:
Ru
Vehumet

Shops:
D:1 !?*

Annotations:
D:3 Grinder


Innate Abilities, Weirdness & Mutations

You are immune to sickness and miasma.
You are immune to poison.
Your flesh is very heat resistant. (rF++)
You are vulnerable to cold. (rC-)
You float through the air rather than walking.
You learn spells naturally, not from books.
Your magical power is your life essence.
You have superior vitality. (+4 MHP)


Message History

You suddenly lose the ability to move!
Grinder completely resists.
The wall freezes Grinder but does no damage.
Grinder completely resists.
The wall freezes Grinder but does no damage.
Grinder resists.
The wall freezes Grinder.
Grinder gestures at you. Pain shoots through your body!
The frozen ramparts melt away.
Grinder hits you but does no damage.
You can move again.
Casting: Freeze (safe; 1% risk of failure)
Confirm with . or Enter, or press ? or * to list all spells.
Casting: Frozen Ramparts (dangerous; 3% risk of failure)
Press: ? - help, Dir - look around, f - activate The walls around you are covered in ice.
Grinder completely resists.
The wall freezes Grinder but does no damage.
Grinder misses you.
Casting: Frozen Ramparts (dangerous; 3% risk of failure)
Confirm with . or Enter, or press ? or * to list all spells.
Your icy armour thickens.
Grinder completely resists.
The wall freezes Grinder but does no damage.
Grinder gestures at you.
You shrug off the repeated paralysis!
Casting: Ozocubu's Armour (dangerous; 3% risk of failure)
Confirm with . or Enter, or press ? or * to list all spells.
Your icy armour thickens.
Grinder completely resists.
The wall freezes Grinder but does no damage.
Grinder hits you.
You writhe in agony.
* * * LOW HITPOINT WARNING * * *
Aiming: Freeze (safe; 1% risk of failure)
Press: ? - help, Q - select action, (/) - cycle Shift-Dir - straight line, f - Grinder
Aim: Grinder (lightly wounded)
You freeze Grinder.
Grinder resists.
Grinder is lightly wounded.
* * * LOW HITPOINT WARNING * * *
Grinder resists.
The wall freezes Grinder.
Grinder gestures at you. Pain shoots through your body!
You die...

#.####.......######.
#.# ##..............
#.# #.......#.......
#.# #.......#.......
#.###.####..#.......
#...#.# #..####....
###.#.# #..........
#.#.# ##.#####'##
#@#.# #.# #.# #5#.#
#.# #.# #.#.#
##.#####.## ###.#.#
.......)... #...#
........### #.###
........# #.#
......... #.#
##.#.#### #.# # #.


You could see Grinder.

Vanquished Creatures
  An orc wizard (D:3)
  8 gnolls
  6 adders
  An ufetubus (D:2)
  5 dart slugs
  5 orcs (D:3)
  3 ball pythons
  6 endoplasms
  2 giant cockroaches
  9 goblins
  3 hobgoblins
  8 jackals (D:3)
  2 quokkas (D:1)
  3 bats (D:1)
  A frilled lizard (D:2)
  4 kobolds
  4 rats (D:1)
71 creatures vanquished.

Notes
Turn   | Place    | Note
-------+----------+-------------------------------------------
     0 | D:1      | Woods the Djinni Ice Elementalist began the quest for the
                  | Orb.
     0 | D:1      | Reached XP level 1. HP: 15/15 MP: 0/0
   227 | D:1      | Reached XP level 2. HP: 15/21 MP: 0/0
   305 | D:1      | Found Lunofan's Distillery.
   379 | D:1      | Found Cesu's Magic Scroll Shoppe.
   488 | D:1      | Found Zeanih's Assorted Antiques.
   579 | D:1      | Found a faded altar of an unknown god.
   913 | D:1      | Reached XP level 3. HP: 18/25 MP: 0/0
   913 | D:1      | Learned a level 1 spell: Slow
  1628 | D:2      | Reached skill level 4 in Spellcasting
  1747 | D:2      | Reached XP level 4. HP: 30/31 MP: 0/0
  2114 | D:2      | Identified the +12 chain mail of Awe {+Inv rPois rN+ Int-4}
  2171 | D:2      | Reached XP level 5. HP: 30/35 MP: 0/0
  2171 | D:2      | Learned a level 2 spell: Passwall
  2975 | D:3      | Reached skill level 5 in Spellcasting
  3328 | D:3      | Reached XP level 6. HP: 30/40 MP: 0/0
  3573 | D:3      | Found a sacrificial altar of Ru.
  3949 | D:3      | Noticed Grinder
  3965 | D:3      | Paralysed by Grinder for 5 turns
  3973 | D:3      | Killed from afar by Grinder

Illustrated notes

Levels and vault maps discovered:
D:1:      dpeg_arrival_stone_temple_mockup, layout_basic, serial_shops,
          nicolae_shop_crystal, shop, shop, hellmonk_ecumenical_altar_crossroads
D:2:      layout_loops_ring, serial_rivers, chequers_serial_rivers_micro_e,
          chequers_serial_rivers_micro_a, chequers_serial_rivers_room_b,
          chequers_serial_rivers_small_b, chequers_serial_rivers_small_b,
          chequers_serial_rivers_room_a, minmay_nonomino_d4
D:3:      layout_basic, mainiacjoe_overflow_divided_tiny,
          grunt_gozag_breadcrumbs, gammafunk_ghost_nasty_kobolds, uniq_robin,
          uniq_grinder

Skill      XL: |  1  2  3  4  5 |
---------------+----------------+-----
Spellcasting   | 4 5 |  5.4
Fighting       | |  0.5
Dodging        | |  2.4
Stealth        | |  1.8

Action                   |  1- 3 |  4- 6 || total
-------------------------+-------+-------++-------
Melee: Unarmed           |     5 |     2 ||     7
 Cast: Freeze            |    40 |    40 ||    80
       Frozen Ramparts   |     2 |    17 ||    19
       Ozocubu's Armour  |       |     6 ||     6
 Stab: Sleeping          |     1 |       ||     1
Armor: Robe              |     3 |     2 ||     5
Dodge: Dodged            |    22 |    22 ||    44

Table legend: (Time is in decaauts)
 A = Elapsed time spent in this place.
 B = Non-inter-level travel time spent in this place.
 C = Inter-level travel time spent in this place.
 D = Time resting spent in this place.
 E = Time spent auto-exploring this place.
 F = Levels seen in this place.
 G = Mean time per level.
                   A        B        C        D        E       F      G
               +--------+--------+--------+--------+--------+-----+--------+
         Total |   3972 |   3950 |     22 |    810 |   2608 |   3 | 1324.0 |
       Dungeon |   3972 |   3950 |     22 |    810 |   2608 |   3 | 1324.0 |
               +--------+--------+--------+--------+--------+-----+--------+

Top non-repeatable levels by time:
     D:1: 1523 daAuts
     D:2: 1282 daAuts
     D:3: 1166 daAuts
